 Dungeon Crawl Stone Soup version 0.30-a0-169-g06f667207d (webtiles) character file.

Game seed: 5034187761091464250

80 qw the Shield-Bearer (level 4, -5/28 HPs)
             Began as a Gargoyle Fighter on Sept 29, 2022.
             Killed by divine providence
             ... invoked by an orc priest
              (10 damage)
             ... on level 3 of the Dungeon.
             The game lasted 00:00:38 (2174 turns).

qw the Shield-Bearer (Gargoyle Fighter)             Turns: 2174, Time: 00:00:39

Health: -5/28      AC: 12    Str: 21    XL:     4   Next: 39%
Magic:  4/4        EV:  6    Int:  9    God:
Gold:   159        SH:  8    Dex:  9    Spells: 3/3 levels left

rFire   . . .      SeeInvis .    Y - +0 war axe (flame)
rCold   . . .      Faith    .    j - +0 kite shield
rNeg    + . .      Spirit   .    f - +0 chain mail
rPois   inf        Reflect  .    (no helmet)
rElec   +          Harm     .    (no cloak)
rCorr   .          Rampage  .    (no gloves)
Will    .....                    (no boots)
Stlth   ..........               (no amulet)
HPRegen 0.09/turn                e - +4 ring of slaying {mikee}
MPRegen 0.09/turn                (no ring)

@: no status effects
A: sickness immunity, AC +3, negative energy resistance 1, electricity
resistance, torment resistance 1, petrification resistance
a: no special abilities


You were on level 3 of the Dungeon.
You visited 1 branch of the dungeon, and saw 3 of its levels.

You collected 159 gold pieces.


Innate Abilities, Weirdness & Mutations

You are immune to sickness and miasma.
Your stone body is resilient. (AC +3)
You are immune to poison.
You resist negative energy. (rN+)
You are resistant to electric shocks. (rElec)
You are resistant to unholy torment.
You are immune to petrification.


   Skills:
 - Level 3.2 Fighting
 + Level 3.6 Axes
 - Level 3.2 Armour
 - Level 4.0 Shields


You had 3 spell levels left.
You didn't know any spells.
Your spell library was empty.

Inventory:

Hand Weapons
 Y - a +0 war axe of flaming (weapon)
Armour
 f - a +0 chain mail (worn)
 j - a +0 kite shield (worn)
Jewellery
 e - a +4 ring of slaying (left hand) {mikee}
Scrolls
 h - 3 scrolls of teleportation
 i - a scroll of identify
Potions
 a - a potion of heal wounds
 b - a potion of mutation {unknown}
 c - a potion of attraction {unknown}
 d - 2 potions of might
 m - 2 potions of ambrosia {unknown}

Dungeon Overview and Level Annotations

Branches:
Dungeon (3/15)

Altars:


Message History

An orc comes into view. It is wielding a +0 trident.
The orc wizard casts a spell.
The orc wizard flickers and vanishes!
Deactivating autopickup; reactivate with Ctrl-A.
2161 ||| Stepping ~*~*~tactically~*~*~ (stealth).
Something hits you but does no damage.
You barely miss something.
The orc shouts!
You hear a shout! x2
The orc hits you from afar with a +0 trident.
You block something's attack.
You slash something! You burn something. The orc hits you but does no damage.
You block something's attack.
The orc hits you from afar with a +0 trident.
Something hits you.
You miss something. The orc hits you but does no damage. Something hits you.
You slash something! You burn something.
Reactivating autopickup.
You feel a bit more experienced.
You have reached level 4!
You feel clever.
An orc comes into view. It is wielding a +0 dagger.
2166 ||| FLEEEEING.
2167 ||| FLEEEEING.
An orc wizard comes into view. It is wielding a +0 dagger.
2168 ||| Stepping ~*~*~tactically~*~*~ (hiding).
2169 ||| FLEEEEING.
2170 ||| FLEEEEING.
2171 ||| Stepping ~*~*~tactically~*~*~ (hiding).
You hit the orc. You burn the orc.
You kill the orc!
An orc priest comes into view. It is wielding a +0 short sword.
The orc wizard hits you but does no damage.
Things that are here:
a +0 dagger; a +0 scale mail; an orc corpse You slash the orc wizard!
You burn the orc wizard.
You kill the orc wizard!
The orc hits you from afar with a +0 trident.
The orc priest mumbles some strange prayers to Beogh against you.
Beogh smites you!
You die...

... #....# ...##....#
#.......# ........##
.......# ..###.....#
...............# #
................# .#
#.......##....@.####o##
#.....>.#..<...)##.)..#...
#.......#.#.##..oo........
#.......#.#.##............
.#..............#..........
#>............####..........
........(..##.# ##.........
...#####.###### ##........
....###..# ##.###...


You could see an orc priest and an orc.

Vanquished Creatures
  2 orc wizards (D:3)
  An adder (D:2)
  A dart slug (D:1)
  An orc (D:3)
  3 endoplasms
  3 giant cockroaches (D:2)
  5 hobgoblins
  2 jackals (D:1)
  5 kobolds
  2 quokkas
  2 ball pythons
  3 bats (D:2)
  A frilled lizard (D:1)
  6 goblins
  4 rats
41 creatures vanquished.

Notes
Turn   | Place    | Note
-------+----------+-------------------------------------------
     0 | D:1      | qw the Gargoyle Fighter began the quest for the Orb.
     0 | D:1      | Reached XP level 1. HP: 14/14 MP: 1/1
     0 | D:1      | 0 ||| qw: Version: 0.2-a-12-gaebbb33
     0 | D:1      | 0 ||| qw: Game counter: 1290
     0 | D:1      | 0 ||| qw: Always use a shield: true
     0 | D:1      | 0 ||| qw: God list: Okawaru
     0 | D:1      | 0 ||| qw: Allow faded altars: false
     0 | D:1      | 0 ||| qw: Do Orc after D:15 true
     0 | D:1      | 0 ||| qw: Do second Lair branch before Depths: true
     0 | D:1      | 0 ||| qw: Lair rune preference: random
     0 | D:1      | 0 ||| qw: Plans: Normal, Zot:1-4, God:TSO, Crypt, Tomb,
                  | Pan, Slime:5, Hells, Abyss, Orb
     0 | D:1      | 0 ||| PLANNING D:1-11
   267 | D:1      | 267 ||| Stepping ~*~*~tactically~*~*~ (hiding).
   456 | D:1      | Reached XP level 2. HP: 19/19 MP: 2/2
  1146 | D:1      | 1146 ||| UPGRADING to +0 chain mail.
  1156 | D:1      | 1156 ||| DROPPING +0 scale mail.
  1157 | D:1      | 1157 ||| UPGRADING to +0 kite shield.
  1167 | D:1      | 1167 ||| DROPPING +0 buckler.
  1168 | D:1      | 1168 ||| READING scroll labelled LEATTEHIHU.
  1169 | D:1      | 1169 ||| READING 2 scrolls labelled RUEBBE EGERE.
  1174 | D:1      | 1174 ||| READING 2 scrolls labelled WULUGE XUUMOYLONU.
  1175 | D:1      | 1175 ||| READING scroll labelled LEYNLE HAHEAL.
  1176 | D:1      | 1176 ||| READING scroll labelled HUCOGHEFIUNG.
  1177 | D:1      | 1177 ||| DROPPING +0 mace.
  1178 | D:1      | 1178 ||| DRINKING 2 smoky black potions.
  1202 | D:2      | 1202 ||| Stepping ~*~*~tactically~*~*~ (stealth).
  1224 | D:2      | Reached skill level 3 in Axes
  1323 | D:2      | 1323 ||| Stepping ~*~*~tactically~*~*~ (stealth).
  1324 | D:2      | 1324 ||| Stepping ~*~*~tactically~*~*~ (stealth).
  1324 | D:2      | Found a faded altar of an unknown god.
  1325 | D:2      | 1325 ||| Stepping ~*~*~tactically~*~*~ (stealth).
  1332 | D:2      | Reached XP level 3. HP: 12/23 MP: 3/3
  1443 | D:2      | 1443 ||| Stepping ~*~*~tactically~*~*~ (stealth).
  1543 | D:2      | 1543 ||| Stepping ~*~*~tactically~*~*~ (stealth).
  1544 | D:2      | 1544 ||| Stepping ~*~*~tactically~*~*~ (stealth).
  1593 | D:2      | 1593 ||| Stepping ~*~*~tactically~*~*~ (stealth).
  1718 | D:2      | Reached skill level 4 in Shields
  1982 | D:2      | 1982 ||| UPGRADING to +4 ring of slaying {mikee}.
  1983 | D:2      | 1983 ||| READING scroll labelled BIGGOM ODOTWAEZEL.
  1984 | D:2      | 1984 ||| READING 2 scrolls of identify.
  1984 | D:2      | 1984 ||| IDENTIFYING coppery potion
  2159 | D:3      | 2159 ||| DRINKING potion of curing.
  2159 | D:3      | 2159 ||| (to cure confusion)
  2161 | D:3      | 2161 ||| Stepping ~*~*~tactically~*~*~ (stealth).
  2166 | D:3      | Reached XP level 4. HP: 8/28 MP: 4/4
  2166 | D:3      | 2166 ||| FLEEEEING.
  2167 | D:3      | 2167 ||| FLEEEEING.
  2168 | D:3      | 2168 ||| Stepping ~*~*~tactically~*~*~ (hiding).
  2169 | D:3      | 2169 ||| FLEEEEING.
  2170 | D:3      | 2170 ||| FLEEEEING.
  2171 | D:3      | 2171 ||| Stepping ~*~*~tactically~*~*~ (hiding).
  2174 | D:3      | HP: 5/28 [orc/+0 trident (4)]
  2174 | D:3      | Killed from afar by an orc priest

Levels and vault maps discovered:
D:1:      lemuel_arrival_rhombus, layout_loops_corners,
          chequers_serial_rivers_micro_a, nicolae_hexahallways
D:2:      layout_basic, nicolae_ecumenical_oubliette,
          chequers_serial_rivers_small_a, kennysheep_generic_room_12
D:3:      layout_rooms, hangedman_decor_lopped

Skill      XL: |  1  2  3 |
---------------+----------+-----
Axes           | 2 3 |  3.6
Shields        | 4 |  4.0
Fighting       | |  3.2
Armour         | |  3.2

Action                   |  1- 3 |  4- 6 || total
-------------------------+-------+-------++-------
Melee: War axe           |   106 |     2 ||   108
  Use: Scroll            |     7 |       ||     7
       Potion            |     2 |       ||     2
Armor: Scale mail        |    16 |       ||    16
       Chain mail        |    46 |     1 ||    47
Dodge: Dodged            |    27 |       ||    27
Block: Buckler           |     5 |       ||     5
       Kite shield       |    30 |       ||    30

Table legend:
 A = Non-vault XP
 B = Vault XP
 C = Vault XP percentage of total XP
 D = Non-vault monster count
 E = Vault monster count
 F = Vault count percentage of total count
                 A         B        C        D         E       F
            +---------+---------+-------+---------+---------+-------
      Total |     146 |       4 |   2.7 |      39 |       2 |   4.9
            +---------+---------+-------+---------+---------+-------
        D:1 |      27 |       0 |   0.0 |      15 |       0 |   0.0
        D:2 |      46 |       4 |   8.0 |      21 |       2 |   8.7
        D:3 |      73 |       0 |   0.0 |       3 |       0 |   0.0
            +---------+---------+-------+---------+---------+-------
